 Dungeon Crawl Stone Soup version 0.26.1-2-gb8aa6d0cf2 (webtiles) character file.

Game seed: 9061083795846436514

9731 Gadfly the Demon Slayer (level 11, -2/67 HPs)
             Began as a Gargoyle Fighter on Feb 17, 2021.
             Was a High Priest of the Shining One.
             Killed from afar by a deep elf mage (12 damage)
             ... with a bolt of fire
             ... on level 10 of the Dungeon.
             The game lasted 00:22:28 (11467 turns).

Gadfly the Demon Slayer (Gargoyle Fighter)         Turns: 11467, Time: 00:22:28

Health: -2/67      AC: 30    Str: 26    XL:     11   Next: 51%
Magic:  17/17      EV:  5    Int: 10    God:    the Shining One [*****.]
Gold:   655        SH: 12    Dex:  9    Spells: 10/10 levels left

rFire    + . .     SeeInvis .   b - +0 short sword (elec)
rCold    . . .     Faith    .   c - +1 kite shield
rNeg     + + +     Spirit   .   y - +0 plate armour
rPois    ∞         Reflect  .   e - +2 helmet
rElec    +         Harm     .   w - +0 cloak
rCorr    .         Rampage  .   (no gloves)
Will     .....                  q - +1 pair of boots
Stlth    ..........             (no amulet)
HPRegen  0.21/turn              j - ring of protection from fire
MPRegen  0.15/turn              l - +6 ring of strength

@: liquid flames, glowing
A: slimy green scales 1, negative energy resistance 1, electricity resistance,
weak 1, wild magic 1, unbreathing, petrification resistance, miasma immunity, AC
+8
a: Renounce Religion, Divine Shield, Cleansing Flame, Summon Divine Warrior


You were on level 10 of the Dungeon.
You worshipped the Shining One.
The Shining One was extremely pleased with you.
You visited 1 branch of the dungeon, and saw 10 of its levels.
You visited the Abyss 1 time.
You also visited: Ossuary.

You collected 655 gold pieces.

Inventory:

Hand Weapons
 a - a +2 flail of holy wrath
 b - a +0 short sword of electrocution (weapon)
 v - a +0 morningstar
Armour
 c - a +1 kite shield (worn)
 e - a +2 helmet (worn)
 q - a +1 pair of boots (worn)
 w - a +0 cloak (worn)
 y - a +0 plate armour (worn)
Jewellery
 i - an uncursed ring of protection from cold
 j - a ring of protection from fire (left hand)
 l - a +6 ring of strength (right hand)
 s - an uncursed ring of ice
Wands
 u - a wand of flame (18) (quivered)
 x - a wand of iceblast (14)
 z - a wand of paralysis (14)
Scrolls
 f - a scroll of fog
 h - a scroll of identify
 k - 5 scrolls of remove curse
 m - 3 scrolls of fear
 A - a scroll of enchant armour
Potions
 g - 8 potions of curing
 o - a potion of cancellation
 p - 2 potions of attraction
 r - 3 potions of haste


   Skills:
 + Level 7.3 Fighting
 * Level 8.5 Maces & Flails
 + Level 7.3 Armour
 + Level 7.3 Shields
 * Level 9.1 Invocations
 * Level 7.7 Evocations


You had 10 spell levels left.
You didn't know any spells.
Your spell library contained the following spells:

 Spells                   Type           Power        Failure   Level
 Animate Skeleton         Necr           0%           100%        1
 Apportation              Tloc           0%           100%        1
 Corona                   Hex            0%           100%        1
 Sting                    Tmut/Pois      0%           100%        1
 Summon Small Mammal      Summ           0%           100%        1
 Poisonous Vapours        Pois/Air       0%           100%        2
 Ignite Poison            Fire/Tmut/Pois 0%           100%        3
 Mephitic Cloud           Conj/Pois/Air  0%           100%        3
 Olgreb's Toxic Radiance  Pois           0%           100%        4


Dungeon Overview and Level Annotations

Branches:
Dungeon (10/15)            Temple (0/1) D:6         Ossuary (visited)
   Lair: D:8-11         Orc: D:9-12

Altars:
Ashenzari
Cheibriados
Fedhas
Gozag
Makhleb
Nemelex Xobeh
Qazlal
Uskayaw
Zin
The Shining One


Innate Abilities, Weirdness & Mutations

You are resistant to torment.
Your stone body is resilient. (AC +8)
You are immune to poison.
You resist negative energy. (rN+)
You are resistant to electric shocks. (rElec)
You can survive without breathing.
You are immune to petrification.
You are immune to miasma.
You are partially covered in slimy green scales. (AC +2)
You are weak. (Str -2)
Your spells are a little harder to cast, but a little more powerful.


Message History

The deep elf mage hits you but does no damage.
The fire elemental hits you. The fire elemental burns you! You resist.
* * * LOW HITPOINT WARNING * * *
The fire elemental hits you. The fire elemental burns you! You resist.
The Shining One protects you from harm!
You feel better. The fire elemental closely misses you.
You block the fire elemental's attack. The deep elf mage casts a spell at you.
The sticky flame hits you but does no damage.
You are covered in liquid flames!
You barely miss the deep elf mage.
The deep elf mage is heavily wounded.
You are covered in liquid flames!
* * * LOW HITPOINT WARNING * * *
The fire elemental hits you. The fire elemental burns you! You resist.
* * * LOW HITPOINT WARNING * * *
You block the fire elemental's attack. The deep elf mage casts a spell at you.
The bolt of fire hits you! You resist.
You die...

#...#####.#'###'#.#.
#..##..##.#.....#.#.
##†#....#.###'###.#.
##.##..'.'.....+.'.
#....#.##.#.###+###.#.
##..##..# #†#.....#.#)
#####...# #.#'###+#.#.
#...E.E## #.........#.
#####@## #####'#####.
#e# #...#.#...#. #y#
#.#.....#.#.


E#Y #..##.##..#. O # ##.#.#.#.##. .. ..#)#...+ .# ##.#.#.#.## #. #..##.##..#
#.#.....#.#. You could see a two-headed ogre, a deep elf mage, a hornet shaped
shifter, 3 fire elementals and a sky beast (invisible).

Vanquished Creatures
  A stone giant (D:10)
  A hydra (D:9)
  An ugly thing (Abyss:2)
  A mana viper (Abyss:2)
  A manticore (D:10)
  Psyche (D:9)
  A troll (D:9)
  A wyvern (D:10)
  Menkaure (D:6)
  An acid dragon (D:10)
  3 water moccasins
  5 orc warriors
  2 phantoms
  A hornet zombie (D:10)
  A necrophage (D:10)
  A black bear (D:9)
  A sky beast (D:6)
  An ice beast (D:10)
  6 ogres
  2 centaurs (D:5)
  A big kobold (D:9)
  4 bullfrogs
  A gnoll sergeant (D:10)
  2 water moccasin zombies (Ossuary)
  A wyvern skeleton (D:8)
  6 scorpions
  9 killer bees
  3 howler monkeys
  8 wights
  2 centaur zombies
  2 centaur skeletons
  8 orc priests
  7 hounds
  A bullfrog skeleton (D:10)
  3 iguanas
  8 orc wizards
  4 worker ants
  A big kobold zombie (Ossuary)
  2 mummies (Ossuary)
  Robin (D:2)
  18 adders
  11 gnolls
  2 shadow imps
  A white imp (D:9)
  2 ufetubi
  3 oozes
  6 adder zombies
  2 worms
  2 dart slugs
  4 leopard geckos
  42 orcs
  4 giant cockroaches
  A gnoll zombie (Ossuary)
  10 hobgoblins
  5 jackals
  7 quokkas
  A ball python (D:1)
  12 bats
  3 frilled lizards
  10 goblins
  2 hobgoblin zombies (Ossuary)
  A jackal skeleton (D:4)
  11 kobolds
  3 kobold zombies (Ossuary)
  A leopard gecko zombie (D:9)
  6 orc zombies (Ossuary)
  A quokka zombie (D:5)
  8 rats
286 creatures vanquished.

Vanquished Creatures (others)
  A plant (D:4)
1 creature vanquished.

Grand Total: 287 creatures vanquished

Notes
Turn   | Place    | Note
-------+----------+-------------------------------------------
     0 | D:1      | Gadfly the Gargoyle Fighter began the quest for the Orb.
     0 | D:1      | Reached XP level 1. HP: 14/14 MP: 1/1
   224 | D:1      | Reached XP level 2. HP: 19/19 MP: 2/2
   684 | D:1      | You fall into a shaft and drop 1 floor!
   684 | D:2      | Found a glowing golden altar of the Shining One.
   694 | D:2      | Became a worshipper of the Shining One
  1089 | D:2      | Reached skill level 1 in Invocations
  1159 | D:2      | Reached skill level 1 in Evocations
  1196 | D:2      | Reached XP level 3. HP: 22/23 MP: 3/3
  1290 | D:2      | Noticed Robin
  1312 | D:2      | Killed Robin
  1623 | D:2      | Reached XP level 4. HP: 28/28 MP: 5/5
  1697 | D:2      | Reached skill level 2 in Invocations
  2110 | D:3      | Reached XP level 5. HP: 28/32 MP: 6/6
  2486 | D:3      | Noticed an ogre
  2491 | D:3      | Killed an ogre
  2492 | D:3      | Reached XP level 6. HP: 25/38 MP: 6/8
  2627 | D:3      | Reached * piety under the Shining One
  3148 | D:4      | Found a transporter.
  3160 | D:4      | Reached skill level 3 in Invocations
  3204 | D:4      | Noticed a phantom
  3220 | D:4      | Reached XP level 7. HP: 40/43 MP: 9/9
  3855 | D:4      | Found a sparkling altar of Nemelex Xobeh.
  3930 | D:4      | Found a transporter.
  4283 | D:4      | Reached skill level 4 in Invocations
  4441 | D:5      | Entered Level 5 of the Dungeon
  4493 | D:5      | Reached ** piety under the Shining One
  4693 | D:5      | Reached XP level 8. HP: 46/48 MP: 11/11
  5035 | D:5      | Found a blossoming altar of Fedhas.
  5150 | D:5      | Reached skill level 5 in Shields
  5421 | D:5      | Reached skill level 5 in Invocations
  5493 | D:5      | Reached skill level 5 in Armour
  5716 | D:6      | Reached skill level 5 in Maces & Flails
  5776 | D:6      | Found an opulent altar of Gozag.
  5787 | D:6      | Reached skill level 5 in Fighting
  6077 | D:6      | Reached XP level 9. HP: 54/54 MP: 13/13
  6077 | D:6      | Noticed Menkaure
  6080 | D:6      | Killed Menkaure
  6085 | D:6      | Found a staircase to the Ecumenical Temple.
  6330 | D:6      | Reached skill level 5 in Evocations
  6337 | D:6      | Reached skill level 6 in Invocations
  6684 | D:7      | Found a sand-covered staircase.
  6689 | Ossuary  | Entered an ossuary
  6722 | Ossuary  | Reached *** piety under the Shining One
  6819 | Ossuary  | Reached **** piety under the Shining One
  7050 | D:7      | Found a snail-covered altar of Cheibriados.
  7362 | D:8      | Found a burning altar of Makhleb.
  7363 | D:8      | Noticed a cacodemon
  7364 | D:8      | Found a glowing silver altar of Zin.
  7365 | D:8      | Noticed an angel
  7524 | D:8      | Found a hide-covered altar of Uskayaw.
  7862 | D:8      | Reached XP level 10. HP: 20/60 MP: 15/15
  7864 | D:8      | Reached skill level 7 in Invocations
  8592 | D:9      | Found a broken altar of Ashenzari.
  9010 | D:9      | Found a stormy altar of Qazlal.
  9010 | D:9      | Noticed a six-headed hydra
  9021 | D:9      | Killed a six-headed hydra
  9420 | D:9      | Noticed Psyche
  9424 | D:9      | Cast into level 2 of the Abyss (Psyche)
  9470 | Abyss:2  | Noticed a green ugly thing
  9502 | Abyss:2  | Killed a green ugly thing
  9571 | Abyss:2  | Noticed a thrashing horror
  9571 | Abyss:2  | Reached ***** piety under the Shining One
  9571 | Abyss:2  | Noticed a thrashing horror
  9629 | Abyss:2  | Found a corrupted altar of Lugonu.
  9701 | Abyss:2  | Noticed a wretched star
  9753 | Abyss:2  | Noticed a mana viper
  9756 | Abyss:2  | Noticed a thrashing horror
  9762 | Abyss:2  | Killed a mana viper
  9763 | Abyss:2  | Reached skill level 8 in Invocations
 10003 | Abyss:2  | Noticed a smoke demon
 10008 | D:9      | Escaped the Abyss
 10021 | D:9      | Killed Psyche
 10393 | D:9      | Gained mutation: You are frail. (-10% HP) [potion of
                  | mutation]
 10393 | D:9      | Gained mutation: You evolve. [potion of mutation]
 10394 | D:9      | Lost mutation: You are frail. (-10% HP) [potion of
                  | mutation]
 10394 | D:9      | Gained mutation: You are weak. (Str -2) [potion of
                  | mutation]
 10394 | D:9      | Gained mutation: Your spells are a little harder to cast,
                  | but a little more powerful. [potion of mutation]
 10394 | D:9      | Lost mutation: You evolve. [potion of mutation]
 10394 | D:9      | Gained mutation: You are partially covered in slimy green
                  | scales. (AC +2) [potion of mutation]
 10431 | D:10     | Entered Level 10 of the Dungeon
 10680 | D:10     | Noticed a stone giant
 10693 | D:10     | HP: 2/61 [stone giant (26)]
 10697 | D:10     | Killed a stone giant
 10698 | D:10     | Reached XP level 11. HP: 3/66 MP: 17/17
 11225 | D:10     | Reached skill level 9 in Invocations
 11293 | D:10     | Noticed a manticore
 11301 | D:10     | Killed a manticore
 11448 | D:10     | Noticed a deep elf mage
 11457 | D:10     | Noticed a two-headed ogre
 11465 | D:10     | HP: 3/67 [fire elemental[a deep elf mage] (1)]
 11465 | D:10     | The Shining One protects you from harm!
 11467 | D:10     | Killed from afar by a deep elf mage

Illustrated notes

Levels and vault maps discovered:
D:1:      dpeg_chamrin_arrival_tetris, layout_basic
D:2:      layout_loops_ring, tso_altar, uniq_robin
D:3:      layout_basic
D:4:      gammafunk_wand_slinger, layout_basic, serial_corexii_hall,
          corexii_hall_statues_l, corexii_hall_statues_t, st_stairs_7,
          nemelex_dance_club_becter
D:5:      layout_loops_corners, fedhas_altar_2
D:6:      layout_rooms, grunt_gozag_breadcrumbs,
          minmay_temple_entry_antechambers, uniq_menkaure
D:7:      layout_rooms, cheibriados_altar_1, enter_ossuary_2
D:8:      layout_cave_pods, grunt_temple_overflow_order_and_chaos_2,
          eat_drink_and_be_merry_uskayaw
D:9:      layout_loops_cross, kennysheep_mini, nicolae_ashenzari_panopticon,
          uniq_psyche
D:10:     minmay_the_grid_4x2 [minmay_the_grid_eight, minmay_the_grid_odd_star,
          minmay_the_grid_doors, minmay_the_grid_minigrid_medium,
          minmay_the_grid_fan, minmay_the_grid_empty, minmay_the_grid_embedded,
          minmay_the_grid_prize_trominoes], layout_basic, orc_david_3,
          uniq_erolcha

Skill      XL: |  1  2  3  4  5  6  7  8  9 10 11 |
---------------+----------------------------------+-----
Invocations    | 1 2 3 4 5 6 8 9 |  9.1
Evocations     | 1 2 3 4 5 7 |  7.7
Maces & Flails | 3 4 5 6 8 |  8.5
Armour         | 4 5 6 7 |  7.3
Shields        | 4 5 6 7 |  7.3
Fighting       | 4 5 6 7 |  7.3

Action                   |  1- 3 |  4- 6 |  7- 9 | 10-12 || total
-------------------------+-------+-------+-------+-------++-------
Melee: Flail             |   148 |   139 |   410 |   140 ||   837
       Short sword       |       |       |    53 |   226 ||   279
Evoke: Wand              |       |       |     4 |     2 ||     6
  Use: Scroll            |     7 |     5 |     5 |     7 ||    24
       Potion            |       |       |       |     8 ||     8
Armor: Scale mail        |   108 |    48 |    12 |       ||   168
       Chain mail        |       |       |   246 |    18 ||   264
       Plate armour      |       |       |       |   317 ||   317
Dodge: Dodged            |    49 |    38 |   130 |    86 ||   303
Block: Kite shield       |    87 |    94 |   294 |   311 ||   786
